 Dungeon Crawl Stone Soup version 0.26-a0-278-g3b0d5afba5 (webtiles) character file.

Game seed: 3768426563143399812

85 BritishOli the Skirmisher (level 4, -1/41 HPs)
             Began as a Hill Orc Fighter on July 12, 2020.
             Killed by divine providence
             ... invoked by an orc priest
              (11 damage)
             ... on level 3 of the Dungeon.
             The game lasted 00:01:09 (2033 turns).

BritishOli the Skirmisher (Hill Orc Fighter)        Turns: 2033, Time: 00:01:09

Health: -1/41      AC:  7    Str: 19    XL:     4   Next: 48%
Magic:  4/4        EV:  7    Int:  8    God:
Gold:   48         SH:  9    Dex: 10    Spells: 3/3 levels left

rFire    . . .     SeeInvis .   a - +0 long sword
rCold    . . .     Faith    .   c - +0 kite shield
rNeg     + . .     Spirit   .   b - +0 scale mail
rPois    .         Reflect  .   (no helmet)
rElec    .         Harm     .   (no cloak)
rCorr    .                      (no gloves)
MR       +....                  (no boots)
Stlth    ..........             (no amulet)
HPRegen  0.13/turn              i - ring of protection from magic
MPRegen  0.09/turn              j - ring of positive energy

@: no status effects
A: no striking features
a: Convert to Beogh


You were on level 3 of the Dungeon.
You visited 1 branch of the dungeon, and saw 3 of its levels.

You collected 48 gold pieces.

Inventory:

Hand Weapons
 a - a +0 long sword (weapon)
Armour
 b - a +0 scale mail (worn)
 c - a +0 kite shield (worn)
Jewellery
 i - a ring of protection from magic (left hand)
 j - a ring of positive energy (right hand)
 p - a +4 ring of evasion {unknown}
Wands
 l - a wand of digging (6)
Scrolls
 e - a scroll of fear {unknown}
 h - 4 scrolls of remove curse {unknown}
 o - a scroll of fog {unknown}
Potions
 d - 2 potions of might
 f - 2 potions of haste
 k - a potion of magic {unknown}
 m - a potion of stabbing {unknown}
 n - a potion of berserk rage {unknown}


   Skills:
 + Level 4.4 Fighting
 + Level 3.1 Long Blades
 + Level 4.0 Armour
 + Level 4.0 Shields


You had 3 spell levels left.
You didn't know any spells.
Your spell library was empty.

Dungeon Overview and Level Annotations

Branches:
Dungeon (3/15)

Altars:


Message History

You kill the orc!
The orc priest calls upon Beogh to heal the orc priest.
The orc priest's wounds heal themselves!
The orc priest calls down the wrath of Beogh upon you.
Beogh smites you! You block the orc's attack.
The orc priest mumbles some strange prayers to Beogh against you.
Beogh smites you!
* * * LOW HITPOINT WARNING * * *
You block the orc priest's attack. You block the orc's attack.
The orc wizard gestures wildly while chanting.
The orc wizard blinks!
The orc priest begins to cast a cantrip, but forgets the words!
The orc priest mumbles some strange prayers to Beogh against you.
You resist with some effort.
There is a stone staircase leading up, spattered with blood here.
The orc priest invokes the aid of Beogh against you.
You resist with some effort.
The orc priest calls down the wrath of Beogh upon you.
Beogh smites you!
You die...

##... . ..... ...
#.<.#. #.## #....
#...# ..<
###...#####.....
....#...............
...#......o........
..........@........
####.....o..........
.......(.....รท.)....
...!....o...........
......).o...........
............##......
....................
...........#..##...#
............#...#...


You could see 2 orc priests, an orc wizard (fast) and an orc.

Vanquished Creatures
  A centaur skeleton (D:3)
  An adder (D:2)
  3 dart slugs (D:1)
  A leopard gecko (D:2)
  5 orcs
  4 goblins
  3 hobgoblins
  4 kobolds
  2 quokkas (D:2)
  5 bats
  3 frilled lizards
  2 rats
34 creatures vanquished.

Notes
Turn   | Place    | Note
-------+----------+-------------------------------------------
     0 | D:1      | BritishOli the Hill Orc Fighter began the quest for the
                  | Orb.
     0 | D:1      | Reached XP level 1. HP: 19/19 MP: 1/1
   128 | D:1      | Reached XP level 2. HP: 27/27 MP: 2/2
   861 | D:2      | Reached XP level 3. HP: 30/33 MP: 3/3
  1720 | D:3      | Reached XP level 4. HP: 31/41 MP: 4/4
  2033 | D:3      | Killed from afar by an orc priest

Illustrated notes

Levels and vault maps discovered:
D:1:      wander_arrival_chamber, layout_basic
D:2:      layout_loops_ring, grunt_ministairs_9
D:3:      layout_rooms, chequers_temple_overflow_minitemple

Skill      XL: |  1  2  3  4 |
---------------+-------------+-----
Fighting       | 4 |  4.4
Long Blades    | 3 |  3.1
Armour         | 4 |  4.0
Shields        | 4 |  4.0

Action                   |  1- 3 |  4- 6 || total
-------------------------+-------+-------++-------
Melee: Long sword        |   105 |    27 ||   132
  Use: Potion            |     2 |       ||     2
Armor: Scale mail        |    60 |    12 ||    72
Dodge: Dodged            |    37 |    13 ||    50
Block: Kite shield       |    68 |    16 ||    84
       Rpst.: Long sword |    13 |     2 ||    15

Table legend:
 A = Non-vault XP
 B = Vault XP
 C = Vault XP percentage of total XP
 D = Non-vault monster count
 E = Vault monster count
 F = Vault count percentage of total count
                 A         B        C        D         E       F
            +---------+---------+-------+---------+---------+-------
      Total |     119 |       3 |   2.5 |      32 |       2 |   5.9
            +---------+---------+-------+---------+---------+-------
        D:1 |      32 |       0 |   0.0 |      17 |       0 |   0.0
        D:2 |      37 |       3 |   7.5 |      11 |       2 |  15.4
        D:3 |      50 |       0 |   0.0 |       4 |       0 |   0.0
            +---------+---------+-------+---------+---------+-------
